 Dungeon Crawl Stone Soup version 0.29.0-4-gdea44cf6ec (webtiles) character file.

Game seed: 9965620901830156485

246 qw the Chopper (level 6, -4/35 HPs)
             Began as a Tengu Warper on Aug 28, 2022.
             Killed by divine providence
             ... invoked by an orc priest
              (13 damage)
             ... on level 4 of the Dungeon.
             The game lasted 00:00:15 (3161 turns).

qw the Chopper (Tengu Warper)                       Turns: 3161, Time: 00:00:16

Health: -4/35      AC:  5    Str: 13    XL:     6   Next: 11%
Magic:  10/10      EV: 10    Int: 14    God:
Gold:   195        SH:  8    Dex: 13    Spells: 9/9 levels left

rFire   . . .      SeeInvis .   Y - +0 hand axe
rCold   . . .      Faith    .   k - +0 kite shield
rNeg    . . .      Spirit   .   g - +0 ring mail
rPois   .          Reflect  .   (helmet restricted)
rElec   .          Harm     .   (no cloak)
rCorr   .          Rampage  .   (no gloves)
Will    .....                   (boots unavailable)
Stlth   +.........              (no amulet)
HPRegen 0.11/turn               (no ring)
MPRegen 0.12/turn               (no ring)

@: flying quickly and evasively, quick
A: beak, talons 3, nimble flight
a: no special abilities


You were on level 4 of the Dungeon.
You visited 1 branch of the dungeon, and saw 4 of its levels.

You collected 195 gold pieces.


Innate Abilities, Weirdness & Mutations

You have a beak for a mouth.
You have claws for feet.
Your magical nature lets you fly swiftly and evasively.


   Skills:
 - Level 2.0 Fighting
 + Level 5.7 Axes
 - Level 1.0 Throwing
 - Level 1.1 Armour
 - Level 2.1 Dodging
 - Level 3.0 Shields
 - Level 2.0 Spellcasting
 - Level 2.4 Translocations


You had 9 spell levels left.
You didn't know any spells.
Your spell library contained the following spells:

 Spells                   Type           Power      Damage    Failure   Level
 Blink                    Tloc           16%        N/A       67%         2
 Gell's Gravitas          Tloc           8%         N/A       88%         3
 Lesser Beckoning         Tloc           8%         N/A       88%         3
 Teleport Other           Tloc           8%         N/A       88%         3
 Manifold Assault         Tloc           8%         N/A       100%        5

Inventory:

Hand Weapons
 d - a +0 flail
 Y - a +0 hand axe (weapon)
Missiles
 c - 4 boomerangs (quivered)
Armour
 g - a +0 ring mail (worn)
 j - a +0 scale mail
 k - a +0 kite shield (worn)
Scrolls
 a - a scroll of identify
 i - a scroll of teleportation {unknown}
 m - a scroll of magic mapping {unknown}
Potions
 b - a potion of curing
 e - a potion of berserk rage {unknown}
 f - a potion of might {unknown}
 h - 3 potions of haste
 l - a potion of attraction {unknown}
 n - a potion of heal wounds

Dungeon Overview and Level Annotations

Branches:
Dungeon (4/15)
 Temple: D:4-7

Altars:


Message History

The orc priest's wounds heal themselves!
The orc hits you with a +0 club.
You barely miss the orc.
The orc is heavily wounded.
You barely miss the orc priest. You hit the orc wizard. You hit the orc.
You block the orc's attack. The orc priest closely misses you.
The orc wizard hits you but does no damage.
You block the orc's attack.
You hit the orc.
You kill the orc!
You barely miss the orc priest.
You hit the orc priest but do no damage.
You barely miss the orc wizard. You hit the orc.
You block the orc priest's attack.
The orc wizard hits you with a +0 dagger.
You block the orc priest's attack. You block the orc's attack.
You hit the orc.
You kill the orc!
You hit the orc priest.
You hit the orc wizard but do no damage.
You hit the orc priest. The orc wizard closely misses you.
You block the orc priest's attack. x2
You closely miss the orc priest. Your kick misses the orc priest.
The orc priest is moderately wounded.
You hit the orc priest. You hit the orc wizard.
You block the orc wizard's attack.
The orc priest hits you with a +0 dagger.
The orc priest looks satisfied for a moment.
The orc wizard hits you with a +0 dagger.
The orc priest hits you with a +0 club. The orc priest barely misses you.
You hit the orc priest.
The orc priest is heavily wounded.
You hit the orc priest but do no damage.
You barely miss the orc wizard. The orc wizard closely misses you.
The orc priest mumbles some strange prayers to Beogh against you.
Beogh smites you!
The orc priest invokes the aid of Beogh against you.
Beogh smites you!
You die...

.# #...# ## #####
#.....# #.....#
###### #.....#
.....# #.....#
.....# #.....#
.....# #.....#
.....# #ooo..#
####.# #)@)..#
####.## ##'####
......# #..#
......## #.##
.......########'####
.....#..../........#
.....###...........#
.....# #...........#
.....# #...........#


You could see 2 orc priests and an orc wizard.

Vanquished Creatures
  A phantom (D:4)
  Ijyb (D:3)
  An iguana (D:4)
  An orc wizard (D:3)
  5 adders
  A worm (D:4)
  9 orcs
  2 endoplasms
  2 giant cockroaches
  3 goblins
  4 hobgoblins
  2 quokkas
  3 ball pythons
  4 bats
  A frilled lizard (D:2)
  7 kobolds
  A rat (D:3)
48 creatures vanquished.

Notes
Turn   | Place    | Note
-------+----------+-------------------------------------------
     0 | D:1      | qw the Tengu Warper began the quest for the Orb.
     0 | D:1      | Reached XP level 1. HP: 12/12 MP: 4/4
     0 | D:1      | 0 ||| qw: Version: 0.1-a-89-g26bdef1
     0 | D:1      | 0 ||| qw: Game counter: 671
     0 | D:1      | 0 ||| qw: Always use a shield: true
     0 | D:1      | 0 ||| qw: God list: Okawaru
     0 | D:1      | 0 ||| qw: Allow faded altars: false
     0 | D:1      | 0 ||| qw: Do Orc after D:15 true
     0 | D:1      | 0 ||| qw: Do second Lair branch before Depths: true
     0 | D:1      | 0 ||| qw: Lair rune preference: random
     0 | D:1      | 0 ||| qw: Plans: Normal
     0 | D:1      | 0 ||| PLANNING D:1-11
    12 | D:1      | Found a faded altar of an unknown god.
   759 | D:1      | 759 ||| UPGRADING to +0 ring mail.
   769 | D:1      | 769 ||| DROPPING +0 leather armour.
   770 | D:1      | 770 ||| UPGRADING to +0 kite shield.
   775 | D:1      | 775 ||| READING 2 scrolls labelled UNOCZO FOCVEASTRI.
   776 | D:1      | 776 ||| DROPPING scroll of blinking.
   913 | D:2      | Reached XP level 2. HP: 17/17 MP: 6/6
  1135 | D:2      | 1135 ||| Stepping ~*~*~tactically~*~*~ (stealth).
  1141 | D:2      | Reached skill level 1 in Shields
  1496 | D:2      | 1496 ||| READING scroll labelled SAMOZECEOTT.
  1497 | D:2      | 1497 ||| DRINKING 2 viscous coppery potions.
  1498 | D:2      | 1498 ||| DRINKING 2 fizzy golden potions.
  1528 | D:2      | 1528 ||| DRINKING 2 dark potions.
  1529 | D:2      | 1529 ||| READING 2 scrolls of identify.
  1529 | D:2      | 1529 ||| IDENTIFYING green potion
  1530 | D:2      | 1530 ||| DROPPING potion of lignification.
  1600 | D:3      | 1600 ||| STAIRDANCE
  1667 | D:3      | 1667 ||| STAIRDANCE
  1676 | D:2      | Reached skill level 3 in Axes
  1883 | D:3      | 1883 ||| STAIRDANCE
  1941 | D:3      | 1941 ||| STAIRDANCE
  1945 | D:2      | Reached XP level 3. HP: 20/21 MP: 7/7
  1960 | D:3      | 1960 ||| STAIRDANCE
  2028 | D:3      | 2028 ||| Stepping ~*~*~tactically~*~*~ (stealth).
  2040 | D:3      | 2040 ||| Stepping ~*~*~tactically~*~*~ (stealth).
  2053 | D:3      | 2053 ||| DROPPING +0 whip.
  2162 | D:3      | Reached XP level 4. HP: 26/26 MP: 8/8
  2164 | D:3      | Reached skill level 4 in Axes
  2373 | D:3      | Noticed Ijyb
  2379 | D:3      | HP: 5/26 [constriction (4)]
  2380 | D:3      | 2380 ||| DRINKING 2 potions of heal wounds.
  2384 | D:3      | Killed Ijyb
  2390 | D:3      | HP: 5/26 [adder (2)]
  2391 | D:3      | 2391 ||| DRINKING potion of heal wounds.
  2393 | D:3      | Reached skill level 3 in Shields
  2396 | D:3      | 2396 ||| FLEEEEING.
  2399 | D:3      | 2399 ||| FLEEEEING.
  2400 | D:3      | 2400 ||| FLEEEEING.
  2401 | D:3      | 2401 ||| FLEEEEING.
  2402 | D:3      | 2402 ||| FLEEEEING.
  2403 | D:3      | 2403 ||| FLEEEEING.
  2406 | D:3      | 2406 ||| FLEEEEING.
  2407 | D:3      | 2407 ||| FLEEEEING.
  2408 | D:3      | 2408 ||| FLEEEEING.
  2409 | D:3      | 2409 ||| FLEEEEING.
  2410 | D:3      | 2410 ||| FLEEEEING.
  2411 | D:3      | 2411 ||| FLEEEEING.
  2412 | D:3      | 2412 ||| FLEEEEING.
  2413 | D:3      | 2413 ||| FLEEEEING.
  2415 | D:3      | 2415 ||| FLEEEEING.
  2416 | D:3      | 2416 ||| FLEEEEING.
  2422 | D:3      | Gained mutation: Your magical nature lets you fly swiftly
                  | and evasively. [Tengu growth]
  2422 | D:3      | Reached XP level 5. HP: 28/30 MP: 9/9
  2631 | D:3      | 2631 ||| Stepping ~*~*~tactically~*~*~ (stealth).
  2711 | D:3      | 2711 ||| Stepping ~*~*~tactically~*~*~ (stealth).
  2764 | D:3      | 2764 ||| READING scroll labelled CEILESUAGU.
  2765 | D:3      | 2765 ||| READING scroll labelled YDICEKK USEUL.
  3039 | D:4      | Noticed a phantom
  3053 | D:4      | Killed a phantom
  3054 | D:4      | Reached skill level 5 in Axes
  3054 | D:4      | Reached XP level 6. HP: 29/35 MP: 10/10
  3161 | D:4      | Killed from afar by an orc priest

Levels and vault maps discovered:
D:1:      saegor_arrival_simple_e, layout_basic, basic_ecumenical_altar
D:2:      layout_basic
D:3:      layout_basic, minmay_close_crescents, uniq_ijyb
D:4:      layout_basic

Skill      XL: |  1  2  3  4  5 |
---------------+----------------+-----
Shields        | 1 2 3 |  3.0
Axes           | 3 4 5 |  5.7
Fighting       | |  2.0
Throwing       | |  1.0
Armour         | |  1.1
Dodging        | |  2.1
Spellcasting   | |  2.0
Translocations | |  2.4

Action                   |  1- 3 |  4- 6 || total
-------------------------+-------+-------++-------
Melee: Hand axe          |    52 |    79 ||   131
       Kick              |    10 |    17 ||    27
       Peck              |     8 |     8 ||    16
Throw: Boomerang         |    20 |    23 ||    43
  Use: Scroll            |     3 |     2 ||     5
       Potion            |     3 |     2 ||     5
Armor: Ring mail         |    12 |    26 ||    38
Dodge: Dodged            |    12 |    39 ||    51
Block: Kite shield       |    18 |    47 ||    65

Table legend:
 A = Non-vault XP
 B = Vault XP
 C = Vault XP percentage of total XP
 D = Non-vault monster count
 E = Vault monster count
 F = Vault count percentage of total count
                 A         B        C        D         E       F
            +---------+---------+-------+---------+---------+-------
      Total |     293 |      59 |  16.8 |      43 |       5 |  10.4
            +---------+---------+-------+---------+---------+-------
        D:1 |       8 |       0 |   0.0 |       5 |       0 |   0.0
        D:2 |      27 |       0 |   0.0 |      14 |       0 |   0.0
        D:3 |      94 |      59 |  38.6 |      16 |       5 |  23.8
        D:4 |     164 |       0 |   0.0 |       8 |       0 |   0.0
            +---------+---------+-------+---------+---------+-------
